 Dungeon Crawl Stone Soup version 0.27-a0-951-gae3e1deef5 (webtiles) character file.

Game seed: 1399078549721332430

241 polve the Cutter (level 5, -1/41 HPs)
             Began as a Demonspawn Abyssal Knight on Apr 11, 2021.
             Was a Believer of Lugonu.
             Slain by a gnoll sergeant
             ... wielding a +5 spear of distortion
              (3 damage)
             ... on level 2 of the Dungeon.
             The game lasted 00:01:54 (2703 turns).

polve the Cutter (Demonspawn Abyssal Knight)        Turns: 2703, Time: 00:01:55

Health: -1/41      AC: 10    Str: 14    XL:     5   Next: 80%
Magic:  7/7        EV:  4    Int: 13    God:    Lugonu [**....]
Gold:   121        SH:  0    Dex: 12    Spells: 4/4 levels left

rFire    . . .     SeeInvis .   a - +1 short sword
rCold    . . .     Faith    .   (no shield)
rNeg     . . .     Spirit   .   j - +0 plate armour
rPois    .         Reflect  .   (helmet restricted)
rElec    .         Harm     .   (no cloak)
rCorr    .         Rampage  .   (no gloves)
Will     +....                  (no boots)
Stlth    ..........             (no amulet)
HPRegen  0.13/turn              e - ring of willpower
MPRegen  0.20/turn              (no ring)

@: no status effects
A: antennae 2, magic regeneration
a: Renounce Religion, Depart the Abyss, Bend Space


You were on level 2 of the Dungeon.
You worshipped Lugonu.
Lugonu was pleased with you.
You visited 1 branch of the dungeon, and saw 2 of its levels.
You visited the Abyss 1 time.

You collected 121 gold pieces.

Inventory:

Hand Weapons
 a - a +1 short sword (weapon)
Armour
 b - a scarf of harm
 j - a +0 plate armour (worn)
Jewellery
 e - a ring of willpower (left hand)
Scrolls
 d - a scroll of acquirement {unknown}
 f - a scroll of identify {unknown}
Potions
 c - a potion of curing


   Skills:
 - Level 3.0 Fighting
 - Level 5.4 Short Blades
 - Level 1.7 Armour
 - Level 0.8 Dodging
 + Level 3.1 Invocations


You had 4 spell levels left.
You didn't know any spells.
Your spell library contained the following spells:

 Spells                   Type           Power      Damage    Failure   Level
 Confusing Touch          Hex            0%         N/A       100%        3
 Gell's Gravitas          Tloc           0%         N/A       100%        3
 Petrify                  Tmut/Erth      0%         N/A       100%        4
 Metabolic Englaciation   Hex/Ice        0%         N/A       100%        5
 Yara's Violent Unravell  Hex/Tmut       0%         3d3       100%        5


Dungeon Overview and Level Annotations

Branches:
Dungeon (2/15)

Altars:


Innate Abilities, Weirdness & Mutations

You have a pair of antennae on your head.
You regenerate magic rapidly.


Message History

No target in view!
No target in view!
No target in view!
No target in view!
No target in view!
You sense a monster nearby.
A gnoll comes into view. It is wielding a +0 flail.
The gnoll shouts!
You hear a shout! x4
A gnoll is nearby!
The gnoll barely misses you.
You hit the gnoll but do no damage. The gnoll hits you with a +0 flail.
You hit the gnoll.
The gnoll is heavily wounded.
The gnoll hits you with a +0 flail.
You are too injured to fight recklessly!
You are too injured to fight recklessly!
You are too injured to fight recklessly!
You are too injured to fight recklessly!
You are too injured to fight recklessly!
You are too injured to fight recklessly!
You are too injured to fight recklessly!
You are too injured to fight recklessly!
You are too injured to fight recklessly!
You are too injured to fight recklessly!
You puncture the gnoll!
You kill the gnoll!
Lugonu accepts your kill.
A gnoll sergeant comes into view.
It is wielding a +5 spear of distortion.
A gnoll comes into view. It is wielding a +0 club.
Your Invocations skill increases to level 3!
There are no items here.
The gnoll sergeant hits you with a +5 spear of distortion.
Space warps horribly around you!
* * * LOW HITPOINT WARNING * * *
You hit the gnoll sergeant.
The gnoll sergeant is lightly wounded.
The gnoll sergeant hits you with a +5 spear of distortion!
* * * LOW HITPOINT WARNING * * *
Space bends around you.
You die...

..........#...#..........#
.<......###......#.#.[...#
#...##.#####..####.#.....#
#...##.>.<.........#######
#...#########.###### #...#
##.#### ## #...### #.#...#
#.### #.....# ##.##.#
#.g.. #...#.# ####@# ...
......# #g####.# .###..#
#.g..g.# ......# ######)#
......####### ...
...#........# ####
.#.#.######)# .....# #.#
##.#### ##.##


You could see a gnoll sergeant and a gnoll.

Vanquished Creatures
  Sigmund (D:2)
  A gnoll (D:2)
  2 adders (D:2)
  A worm (D:2)
  A dart slug (D:1)
  3 orcs (D:2)
  4 endoplasms
  3 giant cockroaches
  3 goblins (D:1)
  6 hobgoblins
  10 jackals (D:1)
  3 ball pythons (D:2)
  7 bats
  5 kobolds (D:1)
  A rat (D:2)
51 creatures vanquished.

Notes
Turn   | Place    | Note
-------+----------+-------------------------------------------
     0 | Abyss:1  | polve the Demonspawn Abyssal Knight began the quest for the
                  | Orb.
     0 | Abyss:1  | Reached XP level 1. HP: 18/18 MP: 2/2
    19 | Abyss:1  | Noticed an ancient zyme
    25 | D:1      | Escaped the Abyss
   194 | D:1      | Reached skill level 2 in Short Blades
   408 | D:1      | Gained mutation: You have a pair of small antennae on your
                  | head. [demonic ancestry]
   408 | D:1      | Reached XP level 2. HP: 16/24 MP: 3/3
   605 | D:1      | Reached skill level 3 in Short Blades
   844 | D:1      | Found a faded altar of an unknown god.
   908 | D:1      | Reached ** piety under Lugonu
  1270 | D:1      | Reached XP level 3. HP: 29/29 MP: 4/4
  1927 | D:2      | Noticed Sigmund
  1972 | D:2      | Killed Sigmund
  1973 | D:2      | Reached skill level 5 in Short Blades
  1973 | D:2      | Gained mutation: You have a pair of antennae on your head.
                  | [demonic ancestry]
  1973 | D:2      | Reached XP level 4. HP: 7/35 MP: 5/5
  1973 | D:2      | Gained mutation: You regenerate magic rapidly. [demonic
                  | ancestry]
  1973 | D:2      | Reached XP level 5. HP: 9/41 MP: 6/6
  2703 | D:2      | HP: 2/41 [gnoll sergeant/+5 spear of distortion (10)]
  2703 | D:2      | Slain by a gnoll sergeant

Illustrated notes

Levels and vault maps discovered:
D:1:      lightli_arrival_flooded_house, layout_loops_cross,
          ebering_ecumenical_altar_abandoned
D:2:      layout_loops_cross, uniq_sigmund

Skill      XL: |  1  2  3  4  5 |
---------------+----------------+-----
Short Blades   | 2 3 5 |  5.4
Invocations    | 3 |  3.1
Fighting       | |  3.0
Armour         | |  1.7
Dodging        | |  0.8

Action                   |  1- 3 |  4- 6 || total
-------------------------+-------+-------++-------
Melee: Short sword       |   188 |    27 ||   215
  Use: Potion            |     5 |       ||     5
Armor: Leather armour    |    56 |       ||    56
       Plate armour      |     9 |    13 ||    22
Dodge: Dodged            |   122 |     2 ||   124

Table legend: (Time is in decaauts)
 A = Elapsed time spent in this place.
 B = Non-inter-level travel time spent in this place.
 C = Inter-level travel time spent in this place.
 D = Time resting spent in this place.
 E = Time spent auto-exploring this place.
 F = Levels seen in this place.
 G = Mean time per level.
                   A        B        C        D        E       F      G
               +--------+--------+--------+--------+--------+-----+--------+
         Total |   2671 |   2645 |     26 |      0 |   2178 |   3 |  890.3 |
       Dungeon |   2644 |   2618 |     26 |      0 |   2164 |   2 | 1322.0 |
         Abyss |     26 |     26 |      0 |      0 |     13 |   1 |   26.0 |
               +--------+--------+--------+--------+--------+-----+--------+

Top non-repeatable levels by time:
     D:1: 1576 daAuts
     D:2: 1068 daAuts
 Abyss:1: 26 daAuts
